 Dungeon Crawl Stone Soup version 0.23-a0-701-gd76f34b (console) character file.

21 Jenz the Chiller (level 2, 19/19 HPs)
             Began as a Demonspawn Ice Elementalist on Aug 1, 2018.
             Quit the game on level 1 of the Dungeon on Jan 12, 2019.
             The game lasted 00:06:17 (1103 turns).

Jenz the Chiller (Demonspawn Ice Elementalist)      Turns: 1103, Time: 00:06:17

Health: 19/19      AC:  3    Str:  8    XL:     2   Next: 62%
Magic:  5/5        EV: 12    Int: 16    God:
Gold:   38         SH:  0    Dex: 13    Spells: 2/5 levels left

rFire    . . .     SeeInvis .   j - -2 hunting sling (curse)
rCold    . . .     Gourm    .   (no shield)
rNeg     . . .     Faith    .   a - +0 robe
rPois    .         Spirit   .   (no helmet)
rElec    .         Reflect  .   (no cloak)
rCorr    .         Harm     .   (no gloves)
MR       .....                  (no boots)
Stlth    ++........             (no amulet)
HPRegen  0.06/turn              (no ring)
MPRegen  0.09/turn              (no ring)

@: no status effects
A: rugged brown scales 1
a: no special abilities


You were on level 1 of the Dungeon.
You were not hungry.

You visited 1 branch of the dungeon, and saw 1 of its levels.

You collected 38 gold pieces.

Inventory:

Hand Weapons
 h - a +0 hunting sling
 j - a cursed -2 hunting sling (weapon)
Missiles
 i - 27 sling bullets (quivered)
Armour
 a - a +0 robe (worn)
 d - a +0 cloak
Potions
 b - 2 potions of heal wounds {unknown}
 e - a potion of agility {unknown}
 g - a potion of might {unknown}
Comestibles
 c - a ration
 f - 2 chunks of flesh


   Skills:
 + Level 1.8 Dodging
 + Level 2.0 Stealth
 + Level 0.5 Unarmed Combat
 + Level 2.2 Spellcasting
 + Level 1.0 Conjurations
 + Level 3.2 Ice Magic


You had 2 spell levels left.
You knew the following spells:

 Your Spells              Type           Power        Failure   Level  Hunger
a - Freeze                Ice            ##..         5%          1    #......
b - Throw Frost           Conj/Ice       #.....       13%         2    ###....

Your spell library contained the following spells:

 Spells                   Type           Power        Failure   Level  Hunger
 Ozocubu's Armour         Chrm/Ice       #.......     32%         3    ###....
 Throw Icicle             Conj/Ice       #.......     65%         4    #####..
 Summon Ice Beast         Ice/Summ       #.......     71%         4    #####..


Dungeon Overview and Level Annotations

Branches:
Dungeon (1/15)

Altars:


Innate Abilities, Weirdness & Mutations

You are partially covered in rugged brown scales. (AC +1, +3% HP)


Message History

You see here a glowing hunting sling.
j - a glowing hunting sling Wield which item (- for none, * to show all)? (? for menu, Esc to quit)
It sticks to your hand!
j - a cursed -2 hunting sling (weapon)
Some of the chunks of flesh in your inventory have rotted away.
Unknown command.
You aren't carrying any scrolls.
Enter note: Saving game... please wait.
Welcome back, Jenz the Demonspawn Ice Elementalist.
Press ? for a list of commands and other information.
Press: ? - help, v - describe, . - travel The floor.
Unknown command.
Quiver which item? (- for none, * to show all) (? for menu, Esc to quit)
Okay, then.
Okay, then.
There's nothing to close nearby.
Are you sure you want to abandon this character and quit the game? (Confirm with "yes".)

#.. #..# #.# #..# #..# #.# #..#
#..# #.# #..# #..# #.###### #..#
######..# #..#... ..# .........#
.########..#.#####.###.########.#
.#.....................###......#
................@.........>.....#
(......#...#.#..................#
.#...#.#...#............##.....##
.#...#.#...#.............#.(...#
.#...#.....##............#.....#
.#...##....######..).....#.....#
.#...##....# ##.#######.######
.......#....... ...######.......
...#.#.#...................)...#.


There were no monsters in sight!

Vanquished Creatures
  2 leopard geckos (D:1)
  A ball python (D:1)
  2 bats (D:1)
  2 giant cockroaches (D:1)
  2 goblins (D:1)
  2 hobgoblins (D:1)
  2 frilled lizards (D:1)
  A kobold (D:1)
  3 rats (D:1)
17 creatures vanquished.

Notes
Turn   | Place    | Note
-------+----------+-------------------------------------------
     0 | D:1      | Jenz the Demonspawn Ice Elementalist began the quest for
                  | the Orb.
     0 | D:1      | Reached XP level 1. HP: 13/13 MP: 3/3
   411 | D:1      | Gained mutation: You are partially covered in rugged brown
                  | scales. (AC +1, +3% HP) [demonic ancestry]
   411 | D:1      | Reached XP level 2. HP: 4/19 MP: 5/5
   763 | D:1      | Reached skill level 3 in Ice Magic
   810 | D:1      | Learned a level 2 spell: Throw Frost
  1097 | D:1      | Upgraded the game from 0.23-a0-8-gb809bb7 to
                  | 0.23-a0-701-gd76f34b
  1103 | D:1      | Quit the game

Vault maps used:
D:1:      nicolae_arrival_somewhat_less_tricky_arrival

Skill      XL: |  1  2 |
---------------+-------+-----
Stealth        | 2 |  2.0
Ice Magic      | 3 |  3.2
Dodging        | |  1.8
Unarmed Combat | |  0.5
Spellcasting   | |  2.2
Conjurations   | |  1.0

Action                   || total
-------------------------++-------
Melee: Unarmed           ||    31
 Fire: Hunting sling     ||     1
 Cast: Freeze            ||    18
       Throw Frost       ||     1
  Eat: Chunk             ||     1
Armor: Robe              ||     8
Dodge: Dodged            ||    28

Table legend:
 A = Non-vault XP
 B = Vault XP
 C = Vault XP percentage of total XP
 D = Non-vault monster count
 E = Vault monster count
 F = Vault count percentage of total count
                 A         B        C        D         E       F
            +---------+---------+-------+---------+---------+-------
      Total |      30 |       0 |   0.0 |      17 |       0 |   0.0
            +---------+---------+-------+---------+---------+-------
        D:1 |      30 |       0 |   0.0 |      17 |       0 |   0.0
            +---------+---------+-------+---------+---------+-------
